 Dungeon Crawl Stone Soup version 0.28.0-53-g5a82cb258f (webtiles) character file.

Game seed: 14923310446294967434

7273 infcreate the Covert (level 10, -4/50 HPs)
             Began as a Vampire Enchanter on July 28, 2022.
             Was a Priest of Dithmenos.
             Slain by a phantasmal warrior (29 damage)
             ... led by a death knight
             ... on level 10 of the Dungeon.
             The game lasted 00:28:47 (11680 turns).

infcreate the Covert (Vampire Enchanter)           Turns: 11680, Time: 00:28:48

Health: -4/50      AC:  7    Str:  7    XL:     10   Next: 89%
Magic:  18/20      EV: 20    Int: 17    God:    Dithmenos [***...]
Gold:   143        SH:  5    Dex: 26    Spells: 7/23 levels left

rFire   . . .      SeeInvis +   t - +2 dagger (freeze)
rCold   + + .      Faith    .   G - orb {guile}
rNeg    + + +      Spirit   .   v - +0 steam dragon scales
rPois   ∞          Reflect  +   (no helmet)
rElec   .          Harm     .   J - +0 cloak
rCorr   .          Rampage  .   m - +0 pair of gloves
Will    .....                   (no boots) Stlth *+++++++++
                                z - amulet of reflection
HPRegen 0.00/turn               D - +6 ring of dexterity
MPRegen 0.17/turn               L - ring of flight

@: flying, bloodless, inhibited regen, wreathed by umbra
A: bloodless, fangs 3, see invisible, vampiric 2
a: Bat Form, Revivify, Renounce Religion, Shadow Step


You were on level 10 of the Dungeon.
You worshipped Dithmenos.
Dithmenos was most pleased with you.
You visited 2 branches of the dungeon, and saw 11 of its levels.

You collected 718 gold pieces.
You spent 575 gold pieces at shops.


Innate Abilities, Weirdness & Mutations

You do not regenerate when monsters are visible.
You are frail without blood (-20% HP).
You can heal yourself when you bite living creatures.
You are immune to poison.
You have razor-sharp teeth.
You have supernaturally acute eyesight. (SInv)
You are afflicted with vampirism and can become a bat while bloodless.


   Skills:
 + Level 8.3 Short Blades
 + Level 8.5 Dodging
 + Level 12.3 Stealth
 + Level 7.2 Spellcasting
 + Level 11.6 Hexes


You had 7 spell levels left.
You knew the following spells:

 Your Spells              Type           Power      Damage    Failure   Level
c - Confusing Touch       Hex            45%        N/A       1%          3
d - Tukima's Dance        Hex            45%        N/A       1%          3
e - Ensorcelled Hibernat  Hex/Ice        50%        N/A       1%          2
f - Dazzling Flash        Conj/Hex       50%        N/A       3%          3
m - Metabolic Englaciati  Hex/Ice        12%        N/A       28%         5

Your spell library contained the following spells:

 Spells                   Type           Power      Damage    Failure   Level
 Magic Dart               Conj           24%        1d4       12%         1
 Call Imp                 Summ           6%         N/A       17%         2
 Scorch                   Fire           12%        2d5       17%         2
 Mephitic Cloud           Conj/Pois/Air  6%         N/A       34%         3
 Ozocubu's Armour         Ice            6%         N/A       34%         3
 Flame Wave               Conj/Fire      6%         2d5       75%         4
 Iskenderun's Mystic Bla  Conj/Tloc      6%         2d4       75%         4
 Simulacrum               Ice/Necr       3%         N/A       100%        6
 Starburst                Conj/Fire      3%         6d3       100%        6
 Summon Cactus Giant      Summ           3%         N/A       100%        6

Inventory:

Hand Weapons
 t - a +2 dagger of freezing (weapon)
Missiles
 k - a throwing net (quivered) {=f}
Armour
 m - a +0 pair of gloves (worn)
 v - +0 steam dragon scales (worn)
 B - an orb of mayhem
 C - a scarf of invisibility
 G - an orb of guile (worn)
 J - a +0 cloak (worn)
Jewellery
 z - an amulet of reflection (around neck)
 D - a +6 ring of dexterity (left hand)
 L - a ring of flight (right hand)
Wands
 r - a wand of polymorph (5)
 A - a wand of iceblast (8)
Scrolls
 b - a scroll of enchant weapon {unknown}
 e - a scroll of blinking
 h - 2 scrolls of silence {unknown}
 i - 3 scrolls of fog
 j - 4 scrolls of immolation
 l - a scroll of summoning {unknown}
 s - 5 scrolls of vulnerability
 x - 2 scrolls of teleportation {unknown}
 y - a scroll of holy word {unknown}
 H - a scroll of fear {unknown}
 I - a scroll of magic mapping {unknown}
 M - a scroll of enchant armour {unknown}
Potions
 a - 3 potions of flight {unknown}
 c - a potion of invisibility
 d - 3 potions of mutation
 f - 2 potions of lignification {unknown}
 g - a potion of brilliance {unknown}
 n - a potion of berserk rage {unknown}
 o - 4 potions of curing {unknown}
 p - 3 potions of ambrosia
 q - 2 potions of resistance
 u - a potion of degeneration {unknown}
 w - a potion of haste {unknown}
 E - a potion of might {unknown}
 F - a potion of cancellation {unknown}
 K - 2 potions of heal wounds {unknown}

Dungeon Overview and Level Annotations

Branches:
Dungeon (10/15)            Temple (1/1) D:5            Lair (0/6) D:10
    Orc: D:9-12

Altars:
Ashenzari
Cheibriados
Dithmenos
Elyvilon
Fedhas
Gozag
Hepliaklqana
Kikubaaqudgha
Makhleb
Nemelex Xobeh
Okawaru
Qazlal
Ru
Sif Muna
Trog
Uskayaw
Vehumet
Wu Jian
Xom
Yredelemnul
Zin
The Shining One

Shops:
D:2 (==   D:6 :   D:8 *[ D:9

*
###..#####..####..........
#.........# #..........
#....W..).# #..########
#..#####..# #..# #.. #W.#
#..# #.. #p.# #..# ...
#..####..#
....#####........#
###......@W.......###
#......<............
#..#####............. #
#........##### #........#
#........# #........#
#........# ##########


You could see a death knight (reflects damage), a phantasmal warrior and a
freezing wraith.


Message History

A freezing wraith comes into view.
Use which ability? (? or * to list)
Aiming: Shadow Step
Press: ? - help, Dir - move target, f - death knight
Aim: a death knight, wielding a +1 broad axe and wearing a +3 chain mail (asleep, umbra)
You step into the death knight's shadow.
The phantasmal warrior completely misses you.
The death knight shouts!
Okay, then.
The phantasmal warrior gestures at you.
The phantasmal warrior blinks!
You block the death knight's attack. The phantasmal warrior gestures at you.
The phantasmal warrior blinks!
You block the phantasmal warrior's attack.
You block the phantasmal warrior's attack.
You see here a +0 flail.
The phantasmal warrior hits you!!
* * * LOW HITPOINT WARNING * * *
The death knight offers itself to Yredelemnul, and fills with unholy energy.
Casting: Confusing Touch (safe; 1% risk of failure)
Confirm with . or Enter, or press ? or * to list all spells.
You can't see any susceptible monsters within range! (Use Z to cast anyway.) Unknown command.
The phantasmal warrior gestures at you.
The phantasmal warrior blinks!
The phantasmal warrior gestures at you.
The phantasmal warrior blinks!
The phantasmal warrior hits you!!
Ouch! That really hurt!
You die...

Skill      XL: |  1  2  3  4  5  6  7  8  9 10 |
---------------+-------------------------------+-----
Stealth        | 5 6 7 9 11 12 | 12.3
Short Blades   | 2 3 4 6 7 8 |  8.3
Hexes          | 5 6 7 9 10 11 | 11.6
Dodging        | 3 4 6 7 8 |  8.5
Spellcasting   | 3 4 5 6 7 |  7.2

Action                   |  1- 3 |  4- 6 |  7- 9 | 10-12 || total
-------------------------+-------+-------+-------+-------++-------
Melee: Dagger            |    76 |   131 |   358 |    71 ||   636
       Bite              |     8 |    11 |    41 |     8 ||    68
       Punch             |       |     3 |     4 |       ||     7
 Cast: Ensorcelled Hiber |    16 |    35 |    21 |    30 ||   102
       Confusing Touch   |     2 |    15 |    63 |     8 ||    88
       Tukima's Dance    |       |     3 |    28 |       ||    31
Invok: Shadow Step       |       |       |       |     1 ||     1
 Abil: Exsanguinate      |     1 |       |       |       ||     1
  Use: Scroll            |       |       |     7 |       ||     7
 Stab: Sleeping          |    30 |    24 |    32 |    28 ||   114
       Confused          |       |    12 |    46 |     9 ||    67
       Distracted        |       |       |     1 |       ||     1
Armor: Robe              |     5 |     9 |    28 |       ||    42
       Steam dragon scal |       |       |    14 |     1 ||    15
Dodge: Dodged            |    27 |    61 |   198 |    29 ||   315
Block: Orb               |       |       |       |     6 ||     6

Levels and vault maps discovered:
D:1:      amcnicky_arrival_flooded_fountain, layout_basic,
          nicolae_ecumenical_snake_handling
D:2:      layout_basic, serial_shops, nicolae_shop_statue_plus,
          nicolae_shop_stone, shop
D:3:      layout_loops_cross, minmay_stone_trees_small, minmay_splitting_lines
D:4:      layout_basic, general_overflow_altar, minmay_joined_circles
D:5:      layout_basic, mainiacjoe_overflow_large_starburst,
          minmay_temple_entry_drinking_statues, gammafunk_ghost_cemetery,
          lemuel_old_faithful, uniq_ijyb
D:6:      layout_cave_pools, serial_undead, serial_undead_f, serial_undead_e,
          serial_undead_e, serial_undead_a, serial_undead_a, serial_undead_b,
          serial_undead_d, serial_undead_f, serial_shops, kennysheep_little_box,
          uniq_maggie
D:7:      layout_loops_ring
D:8:      layout_basic, xom_butterflies, serial_shops, shop,
          minmay_shop_damaged, hangedman_abyss_or_decor_passed,
          hangedman_decor_opposing
D:9:      layout_basic, nicolae_ru_awakened_eye, old_standard_altar,
          skrybe_limestone_x, minmay_misc_feat_tower, minmay_misc_feat_cross,
          nicolae_blasting_shop, evilmike_butchery
D:10:     layout_small_grid, lair_entry_dummy
Temple:   nicolae_temple_elliptical

Notes
Turn   | Place    | Note
-------+----------+-------------------------------------------
     0 | D:1      | infcreate the Vampire Enchanter began the quest for the
                  | Orb.
     0 | D:1      | Reached XP level 1. HP: 13/13 MP: 3/3
   152 | D:1      | Reached XP level 2. HP: 14/15 MP: 5/5
   155 | D:1      | Learned a level 2 spell: Ensorcelled Hibernation
   852 | D:1      | Found a faded altar of an unknown god.
  1082 | D:2      | Gained mutation: You are afflicted with vampirism and can
                  | become a bat while bloodless. [Vampire growth]
  1082 | D:2      | Reached XP level 3. HP: 19/19 MP: 3/6
  1086 | D:2      | Learned a level 3 spell: Confusing Touch
  1135 | D:2      | Found Juudes's Antique Weapon Boutique.
  1211 | D:2      | Found Ogguack's Jewellery Shop.
  1216 | D:2      | Reached skill level 5 in Stealth
  1564 | D:2      | Reached skill level 2 in Short Blades
  1567 | D:2      | Found Honif's Jewellery Shoppe.
  1728 | D:2      | Reached skill level 5 in Hexes
  1787 | D:2      | Reached XP level 4. HP: 12/24 MP: 3/7
  2066 | D:3      | Reached skill level 3 in Dodging
  2496 | D:3      | Learned a level 3 spell: Tukima's Dance
  2995 | D:4      | Noticed an ogre
  3114 | D:4      | Reached XP level 5. HP: 28/28 MP: 4/9
  3319 | D:4      | Found a basalt altar of Yredelemnul.
  3364 | D:4      | Reached skill level 3 in Spellcasting
  3685 | D:4      | Noticed a black bear
  4041 | D:3      | Reached skill level 6 in Stealth
  4078 | D:4      | Killed a black bear
  4079 | D:4      | Reached skill level 3 in Short Blades
  4079 | D:4      | Reached skill level 6 in Hexes
  4079 | D:4      | Reached XP level 6. HP: 32/32 MP: 0/10
  4083 | D:4      | Learned a level 3 spell: Dazzling Flash
  4398 | D:4      | Reached skill level 4 in Dodging
  4609 | D:4      | Reached XP level 7. HP: 31/36 MP: 8/12
  4873 | D:4      | Reached skill level 7 in Stealth
  4889 | D:4      | Reached skill level 4 in Short Blades
  5203 | D:4      | Reached skill level 7 in Hexes
  5350 | D:5      | Entered Level 5 of the Dungeon
  5421 | D:5      | Noticed Ijyb
  5433 | D:5      | Killed Ijyb
  5453 | D:5      | Found a staircase to the Ecumenical Temple.
  5467 | D:5      | Reached skill level 4 in Spellcasting
  5488 | Temple   | Entered the Ecumenical Temple
  5636 | Temple   | Became a worshipper of Dithmenos the Shadowed
  5697 | D:5      | Found a snail-covered altar of Cheibriados.
  5697 | D:5      | Found a radiant altar of Vehumet.
  5944 | D:5      | Found a runed translucent gate.
  5944 | D:5      | Found a runed translucent gate.
  5944 | D:5      | Found a runed translucent gate.
  5945 | D:5      | Noticed MCDelver's ghost (novice DsFE)
  5946 | D:5      | Noticed shugdite's ghost (amateur MiFi)
  6330 | D:6      | Reached XP level 8. HP: 41/41 MP: 14/14
  6341 | D:6      | Reached skill level 5 in Dodging
  6374 | D:6      | Reached skill level 8 in Stealth
  6632 | D:6      | Found Capempo's Book Shoppe.
  6692 | D:6      | Reached skill level 5 in Short Blades
  6846 | D:6      | Reached skill level 8 in Hexes
  6971 | D:6      | Reached * piety under Dithmenos
  7177 | D:6      | Learned a level 5 spell: Metabolic Englaciation
  7329 | D:6      | Reached skill level 9 in Stealth
  7444 | D:6      | Noticed Maggie
  7457 | D:6      | Reached skill level 5 in Spellcasting
  7488 | D:6      | Reached skill level 6 in Dodging
  7637 | D:6      | Killed Maggie
  7638 | D:6      | Reached skill level 6 in Short Blades
  7638 | D:6      | Reached skill level 9 in Hexes
  7638 | D:6      | Reached XP level 9. HP: 45/45 MP: 16/16
  8130 | D:7      | Reached ** piety under Dithmenos
  8403 | D:7      | Reached skill level 10 in Stealth
  9327 | D:8      | Reached skill level 7 in Dodging
  9344 | D:8      | Found Robuipn's Lightly-Used Armoury.
  9369 | D:8      | Identified 2 potions of resistance
  9400 | D:8      | Found a shimmering altar of Xom.
  9448 | D:8      | Found Raobolo's Antique Armour Shoppe.
  9457 | D:8      | Bought a shiny orb for 240 gold pieces
  9457 | D:8      | Bought an embroidered scarf for 160 gold pieces
  9589 | D:8      | You fall into a shaft and drop 2 floors!
  9589 | D:10     | Entered Level 10 of the Dungeon
  9589 | D:10     | Noticed a troll
  9590 | D:10     | Killed a troll
  9591 | D:10     | Reached skill level 6 in Spellcasting
  9591 | D:10     | Reached skill level 10 in Hexes
  9713 | D:9      | Found a sacrificial altar of Ru.
  9884 | D:8      | Reached skill level 7 in Short Blades
 10199 | D:9      | Noticed a cyclops
 10210 | D:9      | Killed a cyclops
 10211 | D:9      | Reached skill level 11 in Stealth
 10211 | D:9      | Reached XP level 10. HP: 50/50 MP: 19/19
 10369 | D:9      | Found Qiufel's Demolitions Depot.
 10547 | D:9      | Reached *** piety under Dithmenos
 10730 | D:9      | Found an iron altar of Okawaru.
 10807 | D:9      | Reached skill level 8 in Dodging
 10814 | D:9      | Reached skill level 11 in Hexes
 11025 | D:2      | Bought a ring of flight for 175 gold pieces
 11121 | D:5      | Killed MCDelver's ghost
 11122 | D:5      | Reached skill level 8 in Short Blades
 11122 | D:5      | Reached skill level 12 in Stealth
 11130 | D:5      | Killed shugdite's ghost
 11131 | D:5      | Reached skill level 7 in Spellcasting
 11342 | D:10     | Found a staircase to the Lair.
 11470 | D:10     | Noticed a phantasmal warrior
 11471 | D:10     | Noticed a death knight
 11680 | D:10     | Slain by a phantasmal warrior

Vanquished Creatures
  A cyclops (D:9)
  Maggie (D:6)
  The ghost of MCDelver the Firebug, a novice DsFE of Wu Jian (D:5)
  A freezing wraith (D:10)
  2 trolls (D:10)
  The ghost of shugdite the Slasher, an amateur MiFi of Okawaru (D:5)
  A dancing weapon (D:8)
  A wyvern (D:10)
  9 yaks (D:9)
  2 orc warriors
  A sky beast (D:6)
  2 black bears
  A centaur (D:9)
  2 ogres
  2 kobold brigands
  3 bullfrogs
  2 water moccasin zombies (D:6)
  A scorpion (D:6)
  A wyvern zombie (D:6)
  6 killer bees (D:9)
  10 wights
  A howler monkey (D:7)
  9 bullfrog zombies
  4 centaur zombies
  5 hounds
  A jelly (D:6)
  2 centaur skeletons (D:6)
  8 orc priests
  2 iguanas
  5 bullfrog skeletons (D:6)
  Ijyb (D:5)
  6 orc wizards
  2 killer bee zombies
  2 hound skeletons (D:4)
  A howler monkey zombie (D:6)
  A howler monkey skeleton (D:6)
  8 adders
  10 gnolls
  A white imp (D:7)
  An adder skeleton (D:4)
  2 worms (D:3)
  A dart slug (D:1)
  26 orcs
  8 bats
  10 endoplasms
  4 giant cockroaches
  7 goblins
  6 hobgoblins
  15 kobolds
  2 quokkas
  7 ball pythons
  4 frilled lizards
  A quokka skeleton (D:4)
  8 rats
222 creatures vanquished.

Vanquished Creatures (collateral kills)
  3 ogres (D:4)
  3 wights (D:8)
  A gnoll (D:7)
  2 orcs (D:4)
9 creatures vanquished.

Vanquished Creatures (others)
  2 dancing weapons
  7 withered plants
9 creatures vanquished.

Grand Total: 240 creatures vanquished

Table legend: (Time is in decaauts)
 A = Elapsed time spent in this place.
 B = Non-inter-level travel time spent in this place.
 C = Inter-level travel time spent in this place.
 D = Time resting spent in this place.
 E = Time spent auto-exploring this place.
 F = Levels seen in this place.
 G = Mean time per level.
                   A        B        C        D        E       F      G
               +--------+--------+--------+--------+--------+-----+--------+
         Total |  11546 |  10878 |    668 |   1162 |   7184 |  11 | 1049.6 |
       Dungeon |  11370 |  10743 |    627 |   1162 |   7066 |  10 | 1137.0 |
        Temple |    176 |    135 |     41 |      0 |    118 |   1 |  176.0 |
               +--------+--------+--------+--------+--------+-----+--------+

Top non-repeatable levels by time:
     D:4: 1975 daAuts
     D:6: 1905 daAuts
     D:3: 1375 daAuts
     D:7: 1032 daAuts
     D:1: 1027 daAuts
     D:5: 1012 daAuts
     D:2: 1005 daAuts
     D:9: 911 daAuts
     D:8: 739 daAuts
    D:10: 385 daAuts
  Temple: 176 daAuts

Table legend:
 A = Non-vault XP
 B = Vault XP
 C = Vault XP percentage of total XP
 D = Non-vault monster count
 E = Vault monster count
 F = Vault count percentage of total count
                 A         B        C        D         E       F
            +---------+---------+-------+---------+---------+-------
      Total |    8219 |    2172 |  20.9 |     193 |      37 |  16.1
            +---------+---------+-------+---------+---------+-------
        D:1 |      29 |       3 |   9.4 |      18 |       2 |  10.0
        D:2 |      67 |       0 |   0.0 |      21 |       0 |   0.0
        D:3 |     122 |       0 |   0.0 |      23 |       0 |   0.0
        D:4 |     693 |     201 |  22.5 |      25 |      13 |  34.2
        D:5 |     196 |     716 |  78.5 |      11 |       3 |  21.4
        D:6 |    1062 |    1252 |  54.1 |      24 |      19 |  44.2
        D:7 |     814 |       0 |   0.0 |      22 |       0 |   0.0
        D:8 |     554 |       0 |   0.0 |      13 |       0 |   0.0
        D:9 |    3273 |       0 |   0.0 |      28 |       0 |   0.0
       D:10 |    1409 |       0 |   0.0 |       8 |       0 |   0.0
            +---------+---------+-------+---------+---------+-------
